 Dungeon Crawl Stone Soup version 0.32-a0-540-g866d13106e (webtiles) character file.

Game seed: 11207375325460287756

338 grandjackal the Trooper (level 6, -1/50 HPs)
             Began as a Demonspawn Gladiator on Feb 29, 2024.
             Slain by a black bear (2 damage)
             ... on level 4 of the Dungeon.
             The game lasted 00:03:35 (2694 turns).

grandjackal the Trooper (Demonspawn Gladiator)      Turns: 2694, Time: 00:03:36

Health: -1/50      AC:  7    Str: 14    XL:     6   Next: 29%
Magic:  6/6        EV: 12    Int:  8    God:
Gold:   98         SH:  0    Dex: 17    Spells: 5/5 levels left

rFire   . . .        a - +0 long sword
rCold   . . .        (no shield)
rNeg    + . .        h - +0 ring mail
rPois   .            (helmet restricted)
rElec   .            (no cloak)
rCorr   .            (no gloves)
SInv    +            (no boots)
Will    .....        l - amulet of regeneration
Stlth   +            m - ring of positive energy
HPRegen 1.08/turn    c - ring of see invisible
MPRegen 0.10/turn

%: no passive effects
@: no status effects
A: antennae 1, yellow scales 1, demonic guardian 1
a: no special abilities


You were on level 4 of the Dungeon.
You visited 1 branch of the dungeon, and saw 4 of its levels.

You collected 98 gold pieces.

Inventory:

Hand Weapons
 a - a +0 long sword (weapon)
Missiles
 d - 3 throwing nets (quivered)
 e - a javelin
Armour
 h - a +0 ring mail (worn)
Jewellery
 c - a ring of see invisible (right hand)
 l - an amulet of regeneration (around neck)
 m - a ring of positive energy (left hand)
Scrolls
 g - a scroll of noise {unknown}
 i - a scroll of identify {unknown}
 k - a scroll of blinking {unknown}
 n - a scroll of immolation {unknown}
Potions
 b - 5 potions of mutation {unknown}
 f - a potion of curing {unknown}
 j - 4 potions of degeneration {unknown}
 o - 3 potions of lignification {unknown}
 p - a potion of haste {unknown}
 q - a potion of might {unknown}
 r - a potion of brilliance {unknown}


   Skills:
 + Level 4.8 Fighting
 - Level 4.0 Long Blades
 - Level 2.0 Throwing
 + Level 2.3 Armour
 - Level 3.0 Dodging


You had 5 spell levels left.
You didn't know any spells.
Your spell library contained the following spells:

 Spells                   Type           Power      Damage    Failure   Level
 Sculpt Simulacrum        Ice/Alch       0%         N/A       100%        6
 Ozocubu's Refrigeration  Ice            0%         4d7       100%        7
 Polar Vortex             Ice            0%         N/A       100%        9


Dungeon Overview and Level Annotations

Branches:
Dungeon (4/15)
 Temple: D:4-7

Altars:
Nemelex Xobeh


Innate Abilities, Weirdness & Mutations

You have a pair of small antennae on your head.
You are partially covered in yellow scales. (AC +2)
A weak demonic guardian rushes to your aid.


Message History

You are too injured to fight recklessly!
Unknown command.
You are too injured to fight recklessly!
Unknown command.
You are too injured to fight recklessly!
The black bear attacks as it pursues you!
The black bear bites you but does no damage.
The black bear closely misses you. The black bear claws you.
* * * LOW HITPOINT WARNING * * *
The adder barely misses you. The black bear closely misses you.
The black bear claws you but does no damage.
The black bear claws you.
* * * LOW HITPOINT WARNING * * *
You hit the black bear but do no damage.
The black bear is severely wounded.
The adder closely misses you. The black bear closely misses you.
The black bear claws you.
* * * LOW HITPOINT WARNING * * *
The black bear closely misses you.
Your iron imp hits the adder!
The adder barely misses your iron imp.
You closely miss the black bear.
The black bear is severely wounded.
The black bear barely misses you. The black bear claws you.
* * * LOW HITPOINT WARNING * * *
The black bear claws you but does no damage.
The adder barely misses your iron imp.
Your iron imp closely misses the adder.
The black bear bites you but does no damage.
The black bear closely misses you. The black bear claws you.
* * * LOW HITPOINT WARNING * * *
You hit the black bear but do no damage.
The black bear is severely wounded.
The black bear bites you.
* * * LOW HITPOINT WARNING * * *
The black bear closely misses you.
The black bear claws you but does no damage.
The adder closely misses your iron imp.
Your iron imp barely misses the adder.
The adder bites your iron imp.
Your iron imp is poisoned.
The adder poisons your iron imp! The black bear bites you.
You die...

#..⌠ ##.ß. ...⌠ .ß. ..
.... ##.###.......
+....+......>.
.....###h)#........
....##@S.#........
....##+#5#........
#..[.............
###................
#.+................
#.#...........[....
####.#................
#.......##'###........
####..##..##...#........


You could see a black bear (berserk), an adder (distracted, ally target) and a
friendly iron imp (summoned, poisoned).

Vanquished Creatures
  A phantom (D:4)
  A jelly (D:4)
  Natasha (D:2)
  2 orc wizards
  An adder (D:3)
  2 ribbon worms
  4 dart slugs
  6 orcs
  6 endoplasms
  3 giant cockroaches
  7 goblins
  5 hobgoblins
  2 jackals (D:1)
  6 kobolds
  4 quokkas
  8 ball pythons
  6 bats
  8 frilled lizards
  5 rats
78 creatures vanquished.

Vanquished Creatures (collateral kills)
  Natasha (twice) (D:2)
  A ball python (D:1)
  A goblin (D:2)
  A jackal (D:1)
  A kobold (D:1)
6 creatures vanquished.

Grand Total: 84 creatures vanquished

Notes
Turn   | Place    | Note
-------+----------+-------------------------------------------
     0 | D:1      | grandjackal the Demonspawn Gladiator began the quest for
                  | the Orb.
     0 | D:1      | Reached XP level 1. HP: 16/16 MP: 1/1
   105 | D:1      | Gained mutation: A weak demonic guardian rushes to your
                  | aid. [demonic ancestry]
   105 | D:1      | Reached XP level 2. HP: 20/22 MP: 2/2
   221 | D:1      | HP: 1/22 [ball python (1)]
   696 | D:2      | Gained mutation: You are partially covered in yellow
                  | scales. (AC +2) [demonic ancestry]
   696 | D:2      | Reached XP level 3. HP: 23/28 MP: 3/3
   785 | D:2      | Found a sparkling altar of Nemelex Xobeh.
  1427 | D:2      | Noticed Natasha
  1438 | D:2      | Killed Natasha
  1439 | D:2      | Gained mutation: You have a pair of small antennae on your
                  | head. [demonic ancestry]
  1439 | D:2      | Reached XP level 4. HP: 8/35 MP: 4/4
  1523 | D:2      | Noticed Natasha
  1537 | D:2      | Killed Natasha
  1615 | D:2      | Noticed Natasha
  1623 | D:2      | Killed Natasha
  1742 | D:3      | Found a faded altar of an unknown god.
  1888 | D:3      | Reached XP level 5. HP: 42/42 MP: 5/5
  2013 | D:3      | Reached skill level 1 in Armour
  2231 | D:3      | Found the +5 robe of Misfortune {Harm *Corrode *Slow EV+5}
  2586 | D:4      | Noticed a phantom
  2616 | D:4      | Killed a phantom
  2617 | D:4      | Reached XP level 6. HP: 49/49 MP: 6/6
  2694 | D:4      | HP: 1/50 [black bear (4)]
  2694 | D:4      | Slain by a black bear

Illustrated notes

Levels and vault maps discovered:
D:1:      minmay_arrival_radiant_lines, layout_basic, kennysheep_boxes
D:2:      layout_basic, basic_altar, uniq_natasha
D:3:      minmay_chambers_of_threes, layout_basic,
          shapermc_ecumenical_altar_flowoftime
D:4:      layout_basic, minmay_temple_entry_statues_fountains, st_stairs_5

Skill      XL: |  1  2  3  4  5 |
---------------+----------------+-----
Throwing       | 2 |  2.0
Long Blades    | 3 4 |  4.0
Dodging        | 3 |  3.0
Fighting       | 3 4 |  4.8
Armour         | 2 |  2.3

Action                     |  1- 3 |  4- 6 || total
---------------------------+-------+-------++-------
  Melee: Long sword        |   117 |   177 ||   294
 Armour: Leather armour    |    40 |       ||    40
         Ring mail         |    56 |   196 ||   252
  Dodge: Dodged            |   104 |   128 ||   232

Table legend: (Time is in decaauts)
 A = Elapsed time spent in this place.
 B = Non-inter-level travel time spent in this place.
 C = Inter-level travel time spent in this place.
 D = Time resting spent in this place.
 E = Time spent auto-exploring this place.
 F = Levels seen in this place.
 G = Mean time per level.
                   A        B        C        D        E       F      G
               +--------+--------+--------+--------+--------+-----+--------+
         Total |   2756 |   2593 |    163 |    141 |   1748 |   4 |  689.0 |
       Dungeon |   2756 |   2593 |    163 |    141 |   1748 |   4 |  689.0 |
               +--------+--------+--------+--------+--------+-----+--------+

Top non-repeatable levels by time:
     D:2: 996 daAuts
     D:3: 919 daAuts
     D:1: 702 daAuts
     D:4: 138 daAuts
